AoeStats
← Ndrangheta

Arabia

509736341Analyzed
2v2 RM · 5d ago on Sep 27, 2026· 53m 30s· 4 players
Game mode
Random Map
Map size
Medium (4 player)
Population
200
Speed
Normal
Resources
Standard
Victory
Conquest
Starting age
Dark Age
Ending age
Imperial Age
RankedLock teamsTeams togetherTeam positionsShared explorationLock speedFull tech treeHidden civsTurbo modeCheats
Victory
Defeat
🇦🇷 Saxons · Argentina
1328
+18
🇦🇷 Varangians · Argentina
1305
+20
🇺🇸 Saracens · United States
1380
-19
🇺🇸 Magyars · United States
1379
-19
Baconmaker
1:02 Loom
9:20 Feudal Age
10:04 Double-Bit Axe
16:38 Scale Barding Armor
19:15 Bloodlines
22:59 Wheelbarrow
25:44 Castle Age
34:51 Chain Barding Armor
35:25 Horse Collar
36:51 Heavy Plow
40:25 Husbandry
40:20 Gold Mining
40:21 Stone Mining
43:02 Light Cavalry
45:20 Fletching
46:05 Bodkin Arrow
46:42 Hand Cart
46:12 Town Watch
52:24 Imperial Age
50:51 Corvinian Army
beeeeeeek
6:54 Loom
9:15 Feudal Age
10:19 Double-Bit Axe
14:14 Fletching
16:10 Horse Collar
16:48 Padded Archer Armor
23:15 Castle Age
23:59 Bodkin Arrow
23:25 Crossbowman
28:04 Thumb Ring
28:22 Ballistics
31:44 Leather Archer Armor
37:29 Town Watch
38:19 Wheelbarrow
42:38 Imperial Age
41:33 Scale Barding Armor
42:02 Forging
42:53 Chain Barding Armor
44:24 Conscription
45:24 Chain Barding Armor
48:27 Hand Cart
50:30 Plate Barding Armor
50:36 Iron Casting
50:41 Heavy Plow
50:55 Elite Mameluke
53:29 Blast Furnace
52:55 Bracer
53:58 Husbandry
54:11 Bloodlines
Caña con ruda
5:58 Loom
8:26 Feudal Age
9:01 Double-Bit Axe
13:41 Fletching
20:06 Castle Age
18:20 Gold Mining
19:44 Padded Archer Armor
20:49 Bodkin Arrow
20:50 Crossbowman
24:02 Bow Saw
26:41 Horse Collar
30:02 Wheelbarrow
30:37 Ballistics
31:00 Thumb Ring
32:02 Leather Archer Armor
35:51 Heavy Plow
36:26 Gold Shaft Mining
36:50 Bloodlines
37:50 Scale Mail Armor
39:09 Chain Mail Armor
39:58 Squires
40:09 Forging
41:31 Hand Cart
41:09 Stone Mining
42:54 Iron Casting
45:13 Imperial Age
42:59 Town Watch
46:06 Bracer
45:27 Elite Hearth Troop
46:29 Conscription
47:33 Two-Man Saw
46:06 Shield Wall
47:20 Plate Mail Armor
47:58 Chemistry
46:50 Arbalester
48:15 Ring Archer Armor
49:33 Conscription
49:22 Scale Barding Armor
49:56 Siege Engineers
49:13 Light Cavalry
49:16 Capped Ram
50:53 Siege Ram
51:55 Masonry
Ndrangheta
6:11 Loom
6:19 Loom
9:12 Feudal Age
15:48 Bloodlines
19:10 Scale Barding Armor
20:11 Forging
24:12 Castle Age
22:47 Horse Collar
24:15 Light Cavalry
24:55 Husbandry
35:38 Stone Mining
36:35 Padded Archer Armor
36:57 Chain Barding Armor
42:12 Fletching
42:50 Bodkin Arrow
42:58 Scale Mail Armor
43:34 Iron Casting
44:50 Wheelbarrow
45:12 Chain Barding Armor
49:17 Imperial Age
49:23 Double-Bit Axe
50:43 Conscription
51:21 Plate Barding Armor
51:36 Cavalier
52:32 Bodkin Arrow
Connection lost

Rejoining the realm…

Still unreachable

The connection could not be restored.

Session expired

The server has moved on; the page needs a fresh start.